3L
MONTANA PANDAS @ OAKLAND OAKS
06/04/2029
 
TOP OF THE 1ST
Montana Pandas batting - Pitching for Oakland Oaks : LHP Finn Wuilink
Pitching: LHP Finn Wuilink
Batting: LHB Roberto Fierro 0-0: SINGLE (Groundball, 4MD)
Batting: LHB Chris McKinney 0-0: Grounds into double play, 4-6-3 (Groundball, 34)
Batting: RHB John MacGregor 0-0: Ball
1-0: Called Strike
1-1: Ball
2-1: Ground out 5-3 (Groundball, 56S)
Top of the 1st over - 0 runs, 1 hit, 0 errors, 0 left on base; Montana 0 - Oakland 0
BOTTOM OF THE 1ST
Oakland Oaks batting - Pitching for Montana Pandas : RHP Manny Caraballo
Pitching: RHP Manny Caraballo
Batting: SHB Luis Luquín 0-0: Called Strike
0-1: Called Strike
0-2: Ball
1-2: Ball
2-2: DOUBLE (Line Drive, 78D)
Batting: LHB David Holbrook 0-0: Called Strike
0-1: Ball
1-1: Ball
2-1: SINGLE (Line Drive, 4M)
Luis Luquín to third
Batting: RHB Joseph Papasogli 0-0: Called Strike
0-1: Ball
1-1: Ball
2-1: Fly out, F5 (Line Drive, 56)
Batting: LHB Edwin Church 0-0: Called Strike
0-1: Ball
1-1: Swinging Strike
1-2: Foul Ball, location: 2F
1-2: Foul Ball, location: 2F
1-2: Ball
2-2: Ball
3-2: Base on Balls
David Holbrook to second
Batting: RHB Ricardo Téllez 0-0: Foul Ball, location: 2F
0-1: Fly out, F9 (Flyball, 89D)
Runner from 3rd tags up, OUT at HOME
Bottom of the 1st over - 0 runs, 2 hits, 0 errors, 2 left on base; Montana 0 - Oakland 0
TOP OF THE 2ND
Montana Pandas batting - Pitching for Oakland Oaks : LHP Finn Wuilink
Batting: LHB José Ruíz 0-0: Called Strike
0-1: Ball
1-1: Swinging Strike
1-2: Strikes out swinging
Batting: RHB Scotty Anderson 0-0: Ball
1-0: Ball
2-0: SINGLE (Groundball, 6MD)
Batting: LHB Gerald Kaufman 0-0: Ball
1-0: Ball
2-0: Ball
3-0: Called Strike
3-1: Swinging Strike
3-2: Strikes out looking
Batting: SHB Pedro Gómez 0-0: Ball
1-0: Ball
2-0: SINGLE (Flyball, 89M)
Scotty Anderson to second
Batting: LHB José León 0-0: Ball
1-0: Called Strike
1-1: Swinging Strike
1-2: Foul Ball, location: 2F
1-2: Fielders Choice at 2nd, 6-4 (Groundball, 6)
Top of the 2nd over - 0 runs, 2 hits, 0 errors, 2 left on base; Montana 0 - Oakland 0
BOTTOM OF THE 2ND
Oakland Oaks batting - Pitching for Montana Pandas : RHP Manny Caraballo
Batting: LHB Todd Henry 0-0: Ball
1-0: Ball
2-0: Ball
3-0: Called Strike
3-1: SINGLE (Groundball, 34S) (infield hit)
Batting: RHB Yehonatan Chazan 0-0: Ball
1-0: Ball
2-0: Called Strike
2-1: Ball
3-1: Foul Ball, location: 2F
3-2: Base on Balls
Todd Henry to second
Batting: LHB Jorge Vargas 0-0: Called Strike
0-1: Ball
1-1: Ball
2-1: Called Strike
2-2: Strikes out swinging
Batting: RHB Tetsunori Kimura 0-0: Ball
1-0: Fly out, F6 (Popup, 6MD)
Batting: SHB Luis Luquín 0-0: Ground out 4-3 (Groundball, 4)
Bottom of the 2nd over - 0 runs, 1 hit, 0 errors, 2 left on base; Montana 0 - Oakland 0
TOP OF THE 3RD
Montana Pandas batting - Pitching for Oakland Oaks : LHP Finn Wuilink
Batting: LHB Enrique Ortega 0-0: Ball
1-0: Foul Ball, location: 2F
1-1: Ball
2-1: Swinging Strike
2-2: Ball
3-2: Base on Balls
Batting: LHB Roberto Fierro 0-0: Ball
1-0: Ground out 6-3 (Groundball, 6M)
Enrique Ortega to second
Batting: LHB Chris McKinney 0-0: Ball
1-0: Ball
2-0: Called Strike
2-1: Ball
3-1: Base on Balls
Batting: RHB John MacGregor 0-0: Called Strike
0-1: SINGLE (Groundball, 6D)
Enrique Ortega to third
Chris McKinney to second
Batting: LHB José Ruíz 0-0: Swinging Strike
0-1: Swinging Strike
0-2: Strikes out looking
Batting: RHB Scotty Anderson 0-0: Called Strike
0-1: Called Strike
0-2: Ball
1-2: Ball
2-2: Fly out, F7 (Flyball, 78D)
Top of the 3rd over - 0 runs, 1 hit, 0 errors, 3 left on base; Montana 0 - Oakland 0
BOTTOM OF THE 3RD
Oakland Oaks batting - Pitching for Montana Pandas : RHP Manny Caraballo
Batting: LHB David Holbrook 0-0: Called Strike
0-1: Ground out 4-3 (Groundball, 4)
Batting: RHB Joseph Papasogli 0-0: Called Strike
0-1: DOUBLE (Line Drive, 78D)
Batting: LHB Edwin Church 0-0: Fly out, F8 (Flyball, 78D)
Batting: RHB Ricardo Téllez 0-0: Ball
1-0: Ball
2-0: Ground out 5-3 (Groundball, 56)
Bottom of the 3rd over - 0 runs, 1 hit, 0 errors, 1 left on base; Montana 0 - Oakland 0
TOP OF THE 4TH
Montana Pandas batting - Pitching for Oakland Oaks : LHP Finn Wuilink
Batting: LHB Gerald Kaufman 0-0: Called Strike
0-1: Ball
1-1: Ball
2-1: Ball
3-1: Swinging Strike
3-2: Base on Balls
Batting: SHB Pedro Gómez 0-0: SINGLE (Line Drive, 89S)
Gerald Kaufman to second
Runner from 2nd tries for 3rd, SAFE, no throw
Batting: LHB José León 0-0: Foul Ball, location: 2F
0-1: Called Strike
0-2: Foul Ball, location: 2F
0-2: Strikes out looking
Batting: LHB Enrique Ortega Pickoff Throw to First - Out!
0-0: Ball
1-0: Ball
Passed Ball!
Gerald Kaufman scores
2-0: Foul Ball, location: 2F
2-1: Foul Ball, location: 2F
2-2: Foul Ball, location: 2F
2-2: Ground out 6-3 (Groundball, 6MS)
Top of the 4th over - 1 run, 1 hit, 0 errors, 0 left on base; Montana 1 - Oakland 0
BOTTOM OF THE 4TH
Oakland Oaks batting - Pitching for Montana Pandas : RHP Manny Caraballo
Batting: LHB Todd Henry 0-0: Ball
1-0: Ball
2-0: Fly out, F8 (Flyball, 8RD)
Batting: RHB Yehonatan Chazan 0-0: Ball
1-0: Ball
2-0: Foul Ball, location: 2F
2-1: Fly out, F8 (Flyball, 8RD)
Batting: LHB Jorge Vargas 0-0: Called Strike
0-1: Ball
1-1: Foul Ball, location: 2F
1-2: Ball
2-2: Foul Ball, location: 2F
2-2: Hit by Pitch
Batting: RHB Tetsunori Kimura 0-0: Called Strike
0-1: Foul Ball, location: 2F
0-2: Ball
Wild Pitch!
Jorge Vargas to second
1-2: Fly out, F8 (Flyball, 8RM)
Bottom of the 4th over - 0 runs, 0 hits, 0 errors, 1 left on base; Montana 1 - Oakland 0
TOP OF THE 5TH
Montana Pandas batting - Pitching for Oakland Oaks : LHP Finn Wuilink
Batting: LHB Roberto Fierro 0-0: Ball
1-0: Swinging Strike
1-1: Called Strike
1-2: Ball
2-2: Ball
3-2: Foul Ball, location: 2F
3-2: Base on Balls
Batting: LHB Chris McKinney 0-0: Called Strike
0-1: Called Strike
0-2: Ball
Roberto Fierro steals 2nd base
1-2: Ball
2-2: Strikes out looking
Batting: RHB John MacGregor 0-0: Called Strike
0-1: Foul Ball, location: 2F
0-2: Ball
1-2: Ball
2-2: Ball
3-2: Base on Balls
Batting: LHB José Ruíz 0-0: Ball
John MacGregor is caught stealing 2nd base
1-0: Called Strike
1-1: Called Strike
1-2: Ball
2-2: Strikes out swinging
Top of the 5th over - 0 runs, 0 hits, 0 errors, 1 left on base; Montana 1 - Oakland 0
BOTTOM OF THE 5TH
Oakland Oaks batting - Pitching for Montana Pandas : RHP Don Miller
Pitching: RHP Don Miller
Batting: SHB Luis Luquín 0-0: Foul Ball, location: 2F
0-1: Called Strike
0-2: SINGLE (Groundball, 56) (infield hit)
Batting: LHB David Holbrook 0-0: Bunted foul
0-1: Sac Bunt - play at first, batter OUT! 5-4
Luis Luquín to second
Batting: RHB Joseph Papasogli 0-0: Foul Ball, location: 2F
0-1: Ground out 6-3 (Groundball, 6S)
Luis Luquín to third
Batting: LHB Edwin Church 0-0: Fly out, F4 (Popup, 34S)
Bottom of the 5th over - 0 runs, 1 hit, 0 errors, 1 left on base; Montana 1 - Oakland 0
TOP OF THE 6TH
Montana Pandas batting - Pitching for Oakland Oaks : LHP Finn Wuilink
Batting: RHB Scotty Anderson 0-0: Foul Ball, location: 2F
0-1: Ground out 6-3 (Groundball, 6M)
Batting: LHB Gerald Kaufman 0-0: Ball
1-0: Foul Ball, location: 2F
1-1: Ground out 6-3 (Groundball, 6)
Batting: SHB Pedro Gómez 0-0: Called Strike
0-1: Fly out, F8 (Line Drive, 8LS)
Top of the 6th over - 0 runs, 0 hits, 0 errors, 0 left on base; Montana 1 - Oakland 0
BOTTOM OF THE 6TH
Oakland Oaks batting - Pitching for Montana Pandas : RHP Don Miller
Batting: RHB Ricardo Téllez 0-0: Ball
1-0: Ball
2-0: Foul Ball, location: 2F
2-1: Foul Ball, location: 2F
2-2: Strikes out swinging
Batting: LHB Todd Henry 0-0: Foul Ball, location: 2F
0-1: Swinging Strike
0-2: Hit by Pitch
Batting: RHB Yehonatan Chazan 0-0: Ball
1-0: Swinging Strike
1-1: Called Strike
1-2: Foul Ball, location: 2F
1-2: Ball
2-2: Fielders Choice at 2nd, 6-4 (Groundball, 6)
Batting: LHB Jorge Vargas 0-0: Foul Ball, location: 2F
0-1: Ball
1-1: SINGLE (Line Drive, 5)
Yehonatan Chazan to second
Runner from 2nd tries for 3rd, OUT!
Bottom of the 6th over - 0 runs, 1 hit, 0 errors, 1 left on base; Montana 1 - Oakland 0
TOP OF THE 7TH
Montana Pandas batting - Pitching for Oakland Oaks : LHP Finn Wuilink
Pitching: RHP Seb Alport
Batting: LHB José León 0-0: Fly out, F8 (Flyball, 8LD)
Batting: LHB Enrique Ortega 0-0: Swinging Strike
0-1: Ball
1-1: Ball
2-1: Ball
3-1: Base on Balls
Batting: LHB Roberto Fierro 0-0: Ball
1-0: Swinging Strike
1-1: Ball
2-1: Swinging Strike
2-2: Foul Ball, location: 2F
2-2: Foul Ball, location: 2F
2-2: Foul Ball, location: 2F
2-2: Ball
3-2: Reached on error, E4 (Groundball, 4D)
Enrique Ortega to second
Batting: LHB Chris McKinney 0-0: Ball
1-0: Ball
2-0: Called Strike
2-1: Ball
3-1: Called Strike
3-2: Foul Ball, location: 2F
3-2: Foul Ball, location: 2F
3-2: Fly out, F8 (Flyball, 8RXD)
Runner from 2nd tags up, SAFE at 3rd, no throw
Pitching: RHP Júlio Saldaña
Pinch Hitting: LHB Ned Durand 0-0: SINGLE (Flyball, 78S)
Enrique Ortega scores
Roberto Fierro to second
Batting: LHB José Ruíz 0-0: Ball
1-0: Ball
2-0: Ball
3-0: SINGLE (Groundball, 3D)
Roberto Fierro to third
Ned Durand to second
Runner from 3rd tries for Home, SAFE, no throw
Batting: RHB Scotty Anderson 0-0: Called Strike
0-1: Fielders Choice at 2nd, 5-4 (Groundball, 56)
Top of the 7th over - 2 runs, 2 hits, 1 error, 2 left on base; Montana 3 - Oakland 0
BOTTOM OF THE 7TH
Oakland Oaks batting - Pitching for Montana Pandas : RHP Don Miller
Now at 3B: Pau Arria
Batting: RHB Tetsunori Kimura 0-0: Called Strike
0-1: Bunted foul
0-2: Ball
1-2: Ball
2-2: Fly out, F7 (Flyball, 7)
Batting: SHB Luis Luquín 0-0: Ball
1-0: SINGLE (Groundball, 5D)
Batting: LHB David Holbrook 0-0: Called Strike
0-1: Called Strike
Luis Luquín steals 2nd base
0-2: Ball
1-2: Ball
2-2: Ball
3-2: Foul Ball, location: 2F
3-2: Base on Balls
Batting: RHB Joseph Papasogli 0-0: SINGLE (Groundball, 6M) (infield hit)
Luis Luquín to third
David Holbrook to second
Batting: LHB Edwin Church 0-0: Called Strike
0-1: Ball
1-1: Called Strike
1-2: Fly out, F7 (Flyball, 7LS)
Runner from 3rd tags up, SCORES, no throw
Batting: RHB Ricardo Téllez 0-0: Called Strike
0-1: Ball
1-1: Swinging Strike
1-2: Fielders Choice at 2nd, 5-4 (Groundball, 5)
Bottom of the 7th over - 1 run, 2 hits, 0 errors, 2 left on base; Montana 3 - Oakland 1
TOP OF THE 8TH
Montana Pandas batting - Pitching for Oakland Oaks : RHP Júlio Saldaña
Batting: LHB Gerald Kaufman 0-0: Ball
1-0: Foul Ball, location: 2F
1-1: DOUBLE (Line Drive, 78D)
Batting: SHB Pedro Gómez 0-0: Ball
Wild Pitch!
Gerald Kaufman to third
1-0: Called Strike
1-1: Ball
2-1: Ball
3-1: Foul Ball, location: 2F
3-2: Strikes out looking
Batting: LHB José León 0-0: Ball
1-0: Ball
2-0: Called Strike
2-1: Ball
3-1: Foul Ball, location: 2F
3-2: Base on Balls
Pitching: LHP José Castaneda
Batting: LHB Enrique Ortega 0-0: Foul Ball, location: 2F
0-1: Foul Ball, location: 2F
0-2: SINGLE (Line Drive, 56)
Gerald Kaufman scores
José León to second
Batting: LHB Roberto Fierro 0-0: Ball
1-0: Fielders Choice at 2nd, 6-4 (Groundball, 56)
José León to third
Batting: LHB Chris McKinney 0-0: Ball
1-0: Foul Ball, location: 2F
1-1: Ball
2-1: Ground out 4-3 (Groundball, 4)
Top of the 8th over - 1 run, 2 hits, 0 errors, 2 left on base; Montana 4 - Oakland 1
BOTTOM OF THE 8TH
Oakland Oaks batting - Pitching for Montana Pandas : RHP Don Miller
Pitching: RHP Ash Wooden
Batting: LHB Todd Henry 0-0: Foul Ball, location: 2F
0-1: Ball
1-1: SOLO HOME RUN (Flyball, 9D), Distance : 378 ft
Batting: RHB Yehonatan Chazan 0-0: Ball
1-0: Ball
2-0: Ball
3-0: Base on Balls
Batting: LHB Jorge Vargas 0-0: Called Strike
0-1: Ball
1-1: Called Strike
1-2: Ball
2-2: Strikes out swinging
Batting: RHB Tetsunori Kimura 0-0: Ball
1-0: Fielders Choice at 2nd, 6-4 (Groundball, 6)
Batting: SHB Luis Luquín 0-0: Ground out 1-3 (Groundball, 13S)
Bottom of the 8th over - 1 run, 1 hit, 0 errors, 1 left on base; Montana 4 - Oakland 2
TOP OF THE 9TH
Montana Pandas batting - Pitching for Oakland Oaks : LHP José Castaneda
Batting: RHB Pau Arria 0-0: Ball
1-0: Ball
2-0: Foul Ball, location: 2F
2-1: Foul Ball, location: 2F
2-2: Foul Ball, location: 2F
2-2: SINGLE (Groundball, 6MD)
Batting: LHB José Ruíz 0-0: Foul Ball, location: 2F
0-1: Ball
1-1: SINGLE (Line Drive, 4MD)
Pau Arria to second
Batting: RHB Scotty Anderson 0-0: Called Strike
0-1: Ball
1-1: Swinging Strike
1-2: Ball
2-2: Ball
3-2: Strikes out swinging
Pinch Hitting: RHB José Cruz 0-0: Called Strike
0-1: Ball
1-1: Ball
2-1: Called Strike
2-2: Strikes out swinging
Batting: SHB Pedro Gómez 0-0: Swinging Strike
0-1: Foul Ball, location: 2F
0-2: Strikes out swinging
Top of the 9th over - 0 runs, 2 hits, 0 errors, 2 left on base; Montana 4 - Oakland 2
BOTTOM OF THE 9TH
Oakland Oaks batting - Pitching for Montana Pandas : RHP Ash Wooden
Now in LF: José Cruz
Batting: LHB David Holbrook 0-0: SINGLE (Line Drive, 9S)
Batting: RHB Joseph Papasogli 0-0: Ball
1-0: Swinging Strike
1-1: Ball
2-1: Called Strike
2-2: Foul Ball, location: 2F
2-2: Foul Ball, location: 2F
2-2: Ball
3-2: SINGLE (Line Drive, 78M)
David Holbrook to second
Batting: LHB Edwin Church 0-0: Ball
1-0: Ball
2-0: Foul Ball, location: 2F
2-1: Foul Ball, location: 2F
2-2: Ball
3-2: Base on Balls
David Holbrook to third
Joseph Papasogli to second
Pitching: LHP Ilie Paunescu
Batting: RHB Ricardo Téllez 0-0: Grounds into fielders choice 6-2 (Groundball, 56D)
Joseph Papasogli to third
Edwin Church to second
Batting: LHB Todd Henry 0-0: Ball
1-0: Ball
2-0: Called Strike
2-1: Ball
3-1: Base on Balls
Joseph Papasogli scores
Edwin Church to third
Ricardo Téllez to second
Batting: RHB Yehonatan Chazan 0-0: Ball
1-0: Ball
2-0: Swinging Strike
2-1: Swinging Strike
2-2: Foul Ball, location: 2F
2-2: Fly out, F9 (Flyball, 9S)
Batting: LHB Jorge Vargas 0-0: Called Strike
0-1: Ball
1-1: Ball
2-1: Ball
3-1: Called Strike
3-2: Strikes out looking
Bottom of the 9th over - 1 run, 2 hits, 0 errors, 3 left on base; Montana 4 - Oakland 3
Tuesday, December 19th, 2017 - OOTP Baseball 18.8 Build 76